Map: Whirlwind LE (Void)

Players

soO - Winner!

  • Race: Zerg Zerg
  • League: Grandmaster
  • Spawn Location: 7:00

Classic

  • Race: Protoss Protoss
  • League: Grandmaster
  • Spawn Location: 11:00

Event: Polygon Gaming Invitational 7

VOD

Have the link to the VOD?

Description

Time

  • Played on: Jan. 14, 2017, 1:28 p.m.
  • Length: 12:12

All games in this series

Show
View Real Time Build Order
Export as new Build Order

soO Zerg - Winner!

Build Orders: Hatch First 

Get SALT Encoding   

  12  0:00  Drone  
  13  0:12  Overlord  
  13  0:17  Drone  
  14  0:30  Drone x2  
  14  0:34  Drone  
  17  0:53  Hatchery  
  17  0:54  Drone  
  17  0:57  Drone  
  18  1:08  Extractor  
  17  1:12  Spawning Pool  
  17  1:14  Drone  
  17  1:17  Drone  
  18  1:27  Drone  
  19  1:38  Drone  
  20  1:49  Overlord  
  20  1:58  Queen  
  22  2:04  Queen  
  22  2:05  Zergling x2  
  22  2:06  Drone  
  22  2:08  Metabolic Boost  
  26  2:11  Drone  
  26  2:15  Drone  
  28  2:24  Drone  
  28  2:26  Drone  
  30  2:34  Hatchery  
  29  2:40  Drone x2  
  29  2:44  Zergling x2  
  32  2:49  Zergling x2  
  33  3:02  Drone x2  
  33  3:05  Drone  
  33  3:07  Drone  
  33  3:11  Drone  
  35  3:13  Drone  
  35  3:14  Overlord  
  35  3:22  Drone  
  35  3:26  Overlord  
  35  3:35  Drone x2  
  35  3:39  Drone x4  
  41  3:44  Queen  
  43  3:49  Queen  
  43  3:51  Drone x2  
  43  3:54  Drone  
  48  4:00  Baneling Nest, Zergling x4  
  48  4:02  Zergling x2  
  50  4:07  Zergling x6  
  53  4:12  Zergling x4  
  53  4:14  Overlord  
  53  4:16  Zergling x2  
  56  4:17  Zergling x2  
  56  4:23  Overlord  
  57  4:33  Zergling x2  
  57  4:34  Zergling x10  
  63  4:44  Baneling x4  
  63  4:45  Zergling x6  
  65  4:51  Drone x3  
  69  4:55  Extractor, Drone x3  
  69  4:58  Drone  
  69  5:07  Zergling x2  
  69  5:08  Zergling x8  
  72  5:22  Drone  
  72  5:23  Drone  
  72  5:24  Drone x2  
  72  5:29  Spore Crawler  
  72  5:30  Spore Crawler  
  72  5:31  Spore Crawler  
  72  5:32  Zergling x8  
  72  5:35  Baneling x3  
  73  5:39  Overlord  
  73  5:41  Overlord  
  73  5:45  Overlord  
  73  5:50  Overlord  
  73  5:51  Lair  
  73  5:54  Extractor, Roach Warren, Drone  
  73  5:55  Drone  
  73  5:57  Evolution Chamber  
  73  5:58  Drone x2  
  73  5:59  Drone  
  73  6:03  Drone x4  
  79  6:04  Drone  
  79  6:07  Drone x3  
  79  6:08  Drone  
  79  6:10  Drone  
  79  6:11  Extractor, Drone x2  
  87  6:12  Extractor  
  85  6:19  Drone x3  
  85  6:24  Hatchery  
  86  6:37  Drone x3  
  86  6:38  Drone  
  86  6:39  Zerg Melee Weapons Level 1  
  90  6:41  Drone  
  90  6:45  Drone  
  90  6:46  Drone x3  
  95  6:48  Drone  
  95  6:49  Extractor, Overseer  
  95  6:51  Overlord  
  95  6:55  Hydralisk Den  
  94  7:01  Drone x2  
  94  7:02  Overlord  
  94  7:08  Overlord  
  96  7:19  Overlord x2  
  96  7:24  Hydralisk x9  
  96  7:26  Overlord  
  96  7:28  Muscular Augments  
  114  7:30  Hydralisk  
  114  7:34  Overlord  
  114  7:35  Overlord  
  114  7:37  Hydralisk x3  
  114  7:41  Hydralisk x2  
  114  7:42  Hydralisk  
  126  7:51  Drone x3  
  124  7:55  Hydralisk x3  
  129  7:59  Drone  
  129  8:00  Hydralisk x2  
  129  8:04  Overlord  
  134  8:08  Drone, Centrifical Hooks  
  135  8:18  Overlord  
  135  8:26  Drone  
  136  8:33  Zerg Missile Weapons Level 1, Hatchery  
  135  8:35  Drone  
  135  8:36  Drone  
  136  8:42  Overseer  
  136  8:47  Drone x3  
  137  8:55  Overseer  
  134  9:07  Zergling x34  
  151  9:16  Drone x4  
  155  9:18  Overlord  
  155  9:26  Baneling  
  155  9:27  Baneling x28  
  155  9:28  Baneling x2  
  155  9:30  Zergling x2  
  155  9:31  Zergling x18  
  165  9:33  Zergling x4  
  165  9:34  Zergling x2  
  168  9:39  Zergling x2  
  168  9:47  Hydralisk x8  
  184  9:52  Baneling  
  184  9:53  Baneling x4  
  157  10:17  Hydralisk x2  
  157  10:18  Zergling x32  
  174  10:23  Overseer  
  174  10:24  Overlord  
  174  10:27  Baneling x7  
  174  10:28  Baneling x9  
  174  10:29  Overlord  
  174  10:31  Overlord  
  174  10:33  Overlord  
  174  10:35  Baneling x2  
  172  10:52  Zergling x18  
  172  10:55  Baneling x6  
  176  10:57  Zergling x6  
  176  10:58  Zergling x8  
  176  10:59  Zergling x14  
  188  11:11  Zergling x4, Hydralisk x3  
  147  11:12  Zergling x4  
  147  11:17  Hydralisk x2  
  153  11:18  Zergling x2  
Show
View Real Time Build Order
Export as new Build Order

Classic Protoss 

Build Orders: 1 Gate Expand, Mass Adepts 

Get SALT Encoding   

  12  0:00  Probe (Chrono Boost)  
  13  0:14  Pylon  
  13  0:17  Probe (Chrono Boost)  
  14  0:32  Gateway  
  14  0:34  Probe (Chrono Boost)  
  15  0:39  Assimilator  
  15  0:45  Probe (Chrono Boost)  
  16  0:55  Probe (Chrono Boost)  
  17  0:59  Gateway  
  17  1:06  Probe (Chrono Boost)  
  18  1:16  Probe (Chrono Boost)  
  19  1:19  Cybernetics Core  
  19  1:41  Nexus  
  19  1:54  Adept x2  
  19  2:01  Warp Gate  
  23  2:06  Pylon  
  23  2:13  Assimilator  
  23  2:24  Adept, Probe (Chrono Boost)  
  26  2:34  Probe (Chrono Boost)  
  27  2:45  Probe (Chrono Boost), Twilight Council  
  28  2:56  Adept x2  
  32  3:03  Probe x2 (Chrono Boost)  
  32  3:13  Resonating Glaives  
  32  3:14  Probe x2 (Chrono Boost)  
  34  3:27  Gateway  
  34  3:30  Adept  
  34  3:32  Adept  
  36  3:36  Probe (Chrono Boost)  
  36  3:40  Probe (Chrono Boost)  
  38  3:44  Pylon  
  38  3:48  Probe (Chrono Boost)  
  38  3:52  Probe (Chrono Boost)  
  40  3:59  Probe (Chrono Boost)  
  42  4:04  Probe (Chrono Boost)  
  42  4:07  Adept x2  
  46  4:12  Pylon  
  46  4:15  Probe (Chrono Boost)  
  48  4:17  Probe (Chrono Boost)  
  48  4:22  Adept  
  50  4:28  Adept x2  
  56  4:31  Mothership Core (Chrono Boost)  
  56  4:35  Probe (Chrono Boost)  
  56  4:36  Pylon  
  57  4:45  Adept  
  59  4:47  Assimilator  
  59  4:51  Probe (Chrono Boost), Assimilator  
  59  4:52  Probe (Chrono Boost)  
  61  4:54  Pylon  
  61  5:02  Probe x2 (Chrono Boost)  
  57  5:14  Probe (Chrono Boost)  
  57  5:15  Probe (Chrono Boost)  
  57  5:21  Adept  
  57  5:22  Adept x2  
  57  5:25  Probe x2 (Chrono Boost)  
  53  5:29  Stargate  
  53  5:31  Stargate  
  54  5:35  Probe (Chrono Boost)  
  54  5:36  Probe (Chrono Boost)  
  55  5:44  Adept  
  55  5:45  Adept x2  
  61  5:54  Nexus  
  61  5:58  Pylon  
  61  6:02  Probe x2 (Chrono Boost)  
  63  6:11  Phoenix  
  63  6:12  Phoenix  
  63  6:14  Probe x2 (Chrono Boost)  
  69  6:19  Pylon  
  71  6:26  Probe x2 (Chrono Boost)  
  71  6:31  Sentry  
  71  6:32  Sentry x2  
  77  6:34  Phoenix  
  77  6:35  Phoenix  
  77  6:38  Probe (Chrono Boost)  
  77  6:39  Probe (Chrono Boost)  
  82  6:47  Pylon  
  82  6:50  Probe (Chrono Boost)  
  82  6:51  Probe (Chrono Boost)  
  84  6:56  Phoenix  
  84  6:57  Phoenix  
  90  7:03  Probe x2 (Chrono Boost)  
  90  7:05  Forge  
  90  7:10  Probe (Chrono Boost)  
  90  7:14  Probe x2 (Chrono Boost)  
  90  7:15  Robotics Facility  
  93  7:22  Pylon  
  93  7:24  Probe (Chrono Boost)  
  93  7:25  Probe x2 (Chrono Boost)  
  93  7:26  Assimilator  
  96  7:31  Assimilator  
  96  7:37  Probe x3 (Chrono Boost)  
  96  7:39  Templar Archives  
  96  7:40  Zealot  
  96  7:42  Pylon  
  96  7:43  Protoss Ground Weapons Level 1  
  102  7:51  Probe x2 (Chrono Boost)  
  102  7:55  Zealot x2  
  106  8:03  Gateway x2  
  106  8:05  Gateway  
  106  8:07  Immortal  
  106  8:08  Gateway  
  106  8:09  Psionic Storm  
  106  8:10  Gateway  
  110  8:16  Pylon  
  110  8:19  Pylon  
  110  8:22  High Templar  
  112  8:27  High Templar x2  
  112  8:34  Pylon  
  116  8:39  Pylon  
  116  8:41  Immortal, Pylon  
  116  8:43  Pylon  
  118  9:08  High Templar x3  
  118  9:09  Zealot x4  
  130  9:13  Photon Cannon  
  130  9:14  Gateway  
  130  9:15  Immortal, Gateway  
  130  9:18  Photon Cannon  
  134  9:26  Photon Cannon  
  134  9:30  Protoss Ground Weapons Level 2  
  134  9:33  High Templar  
  134  9:34  Zealot x3, High Templar  
  134  9:37  Archon  
  144  9:40  Zealot  
  144  9:41  Zealot  
  148  9:53  Immortal  
  148  9:57  Archon  
  152  10:02  Zealot x6  
  128  10:19  High Templar  
  128  10:20  Zealot x2, High Templar  
  132  10:23  Zealot x4  
  132  10:24  High Templar  
  132  10:25  Zealot  
  144  10:29  Immortal  
  144  10:31  Photon Cannon  
  148  10:44  Zealot x4  
  156  10:52  Zealot x2  
  147  10:57  Zealot  
  138  11:10  Zealot  
  138  11:11  Zealot x5  
Tags
 
Add a new tag
Caveats
  • Supply blocks, unpowered buildings, or Contaminate may cause inaccurate times.
  • Supply counts are checked every 10 seconds.